 Dungeon Crawl Stone Soup version 0.32-a0-913-g739538afd8 (webtiles) character file.

Game seed: 4334087462480737096

1053 pokeman the Thaumaturge (level 8, -3/40 (44) HPs)
             Began as a Deep Elf Hedge Wizard on Apr 8, 2024.
             Was an Initiate of Vehumet.
             Slain by a wight
             ... wielding a +4 battleaxe
              (5 damage)
             ... on level 6 of the Dungeon.
             The game lasted 00:12:24 (5777 turns).

pokeman the Thaumaturge (Deep Elf Hedge Wizard)     Turns: 5777, Time: 00:12:24

HP:   -3/40 (44)    AC:  4    Str:  7    XL:     8   Next: 5%
MP:   0/22          EV: 12    Int: 22    God:    Vehumet [......]
Gold: 295           SH:  0    Dex: 14    Spells: 7/24 levels left

rFire   . . .        D - +1 hand axe (freeze)
rCold   . . .        (no shield)
rNeg    . . .        b - +0 robe
rPois   +            c - +0 hat
rElec   .            (no cloak)
rCorr   .            i - +0 pair of gloves
SInv    .            q - +0 pair of boots
Will    .....        (no amulet)
Stlth   ++           m - ring of wizardry
HPRegen 0.26/turn    s - ring of poison resistance
MPRegen 0.18/turn

%: wizardry (x1)
@: very slightly contaminated, drained
A: no striking features
a: Renounce Religion


You were on level 6 of the Dungeon.
You worshipped Vehumet.
Vehumet was noncommittal.
You visited 2 branches of the dungeon, and saw 7 of its levels.

You collected 295 gold pieces.

Inventory:

Hand Weapons
 D - a +1 hand axe of freezing (weapon)
Armour
 b - a +0 robe (worn)
 c - a +0 hat (worn)
 i - a +0 pair of gloves (worn)
 q - a +0 pair of boots (worn)
Magical Staves
 n - a staff of alchemy
Jewellery
 m - a ring of wizardry (left hand)
 s - a ring of poison resistance (right hand)
 A - a ring of resist corrosion
Wands
 u - a wand of mindburst (12)
 y - a wand of polymorph (19)
 C - a wand of flame (12)
Scrolls
 f - 3 scrolls of teleportation {unknown}
 h - a scroll of identify {unknown}
 o - a scroll of amnesia {unknown}
 r - a scroll of vulnerability {unknown}
 t - 2 scrolls of brand weapon {unknown}
 x - a scroll of enchant weapon {unknown}
Potions
 a - a potion of haste {unknown}
 d - a potion of magic
 e - 2 potions of enlightenment {unknown}
 g - 4 potions of might {unknown}
 j - 3 potions of attraction {unknown}
 k - 2 potions of curing {unknown}
 l - a potion of brilliance {unknown}
 p - a potion of resistance {unknown}
 v - a potion of invisibility {unknown}
 w - 3 potions of heal wounds {unknown}
 z - a potion of berserk rage {unknown}
 B - a potion of lignification {unknown}


   Skills:
 - Level 2.0 Fighting
 + Level 2.0 Armour
 - Level 3.0 Dodging
 - Level 3.0 Stealth
 * Level 8.9 Spellcasting
 + Level 4.4 Conjurations
 - Level 1.1 Summonings
 - Level 1.1 Translocations
 - Level 1.0 Fire Magic
 + Level 3.0 Ice Magic
 - Level 1.1 Air Magic
 - Level 1.1 Alchemy
 - Level 1.0 Evocations


You had 7 spell levels left.
You knew the following spells:

 Your Spells              Type           Power      Damage    Failure   Level
a - Magic Dart            Conj           100%       1d8       1%          1
b - Mephitic Cloud        Conj/Alch/Air  19%        N/A       3%          3
c - Call Imp              Summ           28%        N/A       2%          2
d - Blink                 Tloc           28%        N/A       2%          2
e - Ignite Poison         Fire/Alch      14%        N/A       16%         4
f - Freezing Cloud        Conj/Ice/Air   11%        6-21      22%         5

Your spell library contained the following spells:

 Spells                   Type           Power      Damage    Failure   Level
 Slow                     Hex            36%        N/A       2%          1
 Cigotuvi's Dreadful Rot  Necr/Alch/Air  26%        N/A       3%          2


Dungeon Overview and Level Annotations

Branches:
Dungeon (6/15)             Temple (1/1) D:5

Altars:
Cheibriados
Dithmenos
Elyvilon
Fedhas
Gozag
Hepliaklqana
Makhleb
Nemelex Xobeh
Okawaru
Qazlal
Ru
Sif Muna
Vehumet
Xom


Message History

The ogre closely misses you.
You hit the ogre. You freeze the ogre.
The ogre is almost dead.
The ogre hits itself with a +0 giant club!
The ogre is killed!
Vehumet accepts your kill.
Your Armour skill increases to level 2!
Your Ice Magic skill increases to level 3!
You have reached level 8!
You feel clever.
Unknown command.
Casting: Magic Dart (safe; 1% risk of failure)
Confirm with . or Enter, or press ? or * to list all spells.
Aiming: Mephitic Cloud (dangerous; 3% risk of failure)
Press: ? - help, Shift-Dir - straight line The ball explodes into a vile cloud!
Unknown command.
Unknown command.
Casting: Mephitic Cloud (dangerous; 3% risk of failure)
Confirm with . or Enter, or press ? or * to list all spells.
You miscast Ignite Poison.
You are very lightly contaminated with residual magic.
You feel uncomfortably hot! The wight closely misses you.
Unknown command.
Casting: Ignite Poison (quite dangerous; 16% risk of failure)
Confirm with . or Enter, or press ? or * to list all spells.
You don't have enough magic to cast this spell.
A wight is nearby!
Unknown command.
You hit the wight but do no damage. The wight hits you with a +4 battleaxe!
You feel drained.
Unknown command.
Casting: Ignite Poison (quite dangerous; 16% risk of failure)
Confirm with . or Enter, or press ? or * to list all spells.
You ignite the poison in your surroundings!
The wight is engulfed in blazing flames.
The wight hits you with a +4 battleaxe!
* * * LOW HITPOINT WARNING * * *
You feel drained.
You die...

#.## #....##### ....
###### #. .....
######## ##. .....
#..^...# #.. ......
#......# ##.#
......### #......#
#..# ......☼.#
#......# #.## #z#
#......# #.#
#@###......# #.#
#.......)..# ##.##
#####......# #...)
########.########....
#.........# ###.....
#....####.# #...####
#.......#†####.###
#.........)....#
#....##.#>.#####


You could see a wight.

Vanquished Creatures
  A black bear (D:6)
  An ogre (D:6)
  A bullfrog (D:6)
  3 scorpions
  A bombardier beetle (D:4)
  3 hounds
  2 jellies
  2 orc priests (D:5)
  A gnoll bouda (D:5)
  An iguana (D:5)
  A sleepcap (D:5)
  2 orc wizards (D:5)
  10 adders
  4 gnolls (D:5)
  A shadow imp (D:4)
  A white imp (D:6)
  2 ufetubi (D:5)
  A ribbon worm (D:2)
  15 orcs
  8 endoplasms
  3 giant cockroaches
  5 goblins
  3 hobgoblins
  8 kobolds
  7 quokkas
  10 ball pythons
  7 bats
  2 frilled lizards
  11 rats
117 creatures vanquished.

Notes
Turn   | Place    | Note
-------+----------+-------------------------------------------
     0 | D:1      | pokeman the Deep Elf Hedge Wizard began the quest for the
                  | Orb.
     0 | D:1      | Reached XP level 1. HP: 10/10 MP: 7/7
   381 | D:1      | Reached XP level 2. HP: 16/16 MP: 5/9
  1208 | D:2      | Reached skill level 5 in Spellcasting
  1465 | D:2      | Reached XP level 3. HP: 20/20 MP: 8/11
  1470 | D:2      | Learned a level 3 spell: Mephitic Cloud
  1473 | D:2      | Learned a level 2 spell: Call Imp
  1476 | D:2      | Learned a level 2 spell: Blink
  1923 | D:2      | Found a faded altar of an unknown god.
  2462 | D:3      | Reached skill level 1 in Fighting
  2669 | D:3      | Reached skill level 1 in Armour
  2737 | D:3      | Reached XP level 4. HP: 25/25 MP: 10/13
  3938 | D:4      | Reached skill level 6 in Spellcasting
  3938 | D:4      | Reached XP level 5. HP: 29/29 MP: 8/15
  4209 | D:4      | Reached skill level 1 in Air Magic
  4209 | D:4      | Reached skill level 1 in Alchemy
  4209 | D:4      | Reached skill level 1 in Evocations
  4209 | D:4      | Reached XP level 6. HP: 34/34 MP: 13/17
  4214 | D:4      | Learned a level 4 spell: Ignite Poison
  4220 | D:4      | Learned a level 5 spell: Freezing Cloud
  4585 | D:5      | Entered Level 5 of the Dungeon
  4759 | D:5      | Reached skill level 7 in Spellcasting
  4778 | D:5      | Reached skill level 1 in Fire Magic
  4797 | D:5      | Found an iron altar of Okawaru.
  4824 | D:5      | Reached skill level 1 in Ice Magic
  4841 | D:5      | Reached XP level 7. HP: 12/39 MP: 0/20
  5124 | D:5      | Reached skill level 8 in Spellcasting
  5294 | D:5      | Found a staircase to the Ecumenical Temple.
  5304 | Temple   | Entered the Ecumenical Temple
  5313 | Temple   | Became a worshipper of Vehumet
  5770 | D:6      | Reached XP level 8. HP: 44/44 MP: 9/22
  5777 | D:6      | HP: 2/42 [wight/+4 battleaxe (12)]
  5777 | D:6      | Slain by a wight

Illustrated notes

Levels and vault maps discovered:
D:1:      onia_arrival_handbag, layout_basic
D:2:      minmay_razor_zed, layout_loops_ring,
          hellmonk_ecumenical_altar_crossroads
D:3:      minmay_chambers_of_twos, layout_basic
D:4:      wander_river, layout_gridville, nicolae_overflow_hidden_temple
D:5:      layout_basic, nicolae_overflow_crystal_walls,
          minmay_temple_entry_overgrown
D:6:      layout_basic, old_standard_altar, ebering_ghost_reflecting_pool
Temple:   compressed_dpeg_triangle_lava_temple

Skill      XL: |  1  2  3  4  5  6  7 |
---------------+----------------------+-----
Spellcasting   | 5 6 7 8 |  8.9
Fighting       | 1 2 |  2.0
Conjurations   | 2 3 4 |  4.4
Armour         | 1 2 |  2.0
Dodging        | 3 |  3.0
Stealth        | 3 |  3.0
Air Magic      | 1 |  1.1
Alchemy        | 1 |  1.1
Evocations     | 1 |  1.0
Fire Magic     | 1 |  1.0
Ice Magic      | 1 3 |  3.0
Summonings     | |  1.1
Translocations | |  1.1

Action                     |  1- 3 |  4- 6 |  7- 9 || total
---------------------------+-------+-------+-------++-------
  Melee: Dagger            |    13 |       |       ||    13
         Hand axe          |       |       |     8 ||     8
   Fire: Sling             |       |    50 |    61 ||   111
   Cast: Magic Dart        |   105 |    71 |    29 ||   205
         Mephitic Cloud    |     1 |    10 |    12 ||    23
         Call Imp          |     1 |       |       ||     1
         Ignite Poison     |       |     1 |     1 ||     2
   Stab: Confused          |     1 |       |       ||     1
 Armour: Robe              |    10 |     9 |    10 ||    29
  Dodge: Dodged            |     5 |    15 |     9 ||    29

Table legend: (Time is in decaauts)
 A = Elapsed time spent in this place.
 B = Non-inter-level travel time spent in this place.
 C = Inter-level travel time spent in this place.
 D = Time resting spent in this place.
 E = Time spent auto-exploring this place.
 F = Levels seen in this place.
 G = Mean time per level.
                   A        B        C        D        E       F      G
               +--------+--------+--------+--------+--------+-----+--------+
         Total |   5831 |   5670 |    161 |    131 |   4839 |   7 |  833.0 |
       Dungeon |   5812 |   5659 |    153 |    131 |   4839 |   6 |  968.7 |
        Temple |     18 |     10 |      8 |      0 |      0 |   1 |   18.0 |
               +--------+--------+--------+--------+--------+-----+--------+

Top non-repeatable levels by time:
     D:2: 1273 daAuts
     D:3: 1252 daAuts
     D:1: 1160 daAuts
     D:4: 983 daAuts
     D:5: 832 daAuts
     D:6: 311 daAuts
  Temple: 18 daAuts
